 Dungeon Crawl Stone Soup version 0.21.1-1-g345015f (webtiles) character file.

1515 Mirai the Slasher (level 8, -11/61 HPs)
             Began as a Demonspawn Berserker on Feb 6, 2018.
             Was a Priest of Trog.
             Killed from afar by garbagetei's ghost (15 damage)
             ... with a flame tongue
             ... on level 6 of the Dungeon.
             The game lasted 00:16:52 (5114 turns).

Mirai the Slasher (Demonspawn Berserker)            Turns: 5114, Time: 00:16:52

Health: -11/61     AC: 16    Str: 20    XL:     8   Next: 53%
Magic:  8/8        EV:  5    Int:  9    God:    Trog [***...]
Gold:   215        SH: 10    Dex: 12    Spells: 7/7 levels left

rFire    . . .     SeeInvis .   a - +0 falchion
rCold    . . .     Gourm    .   M - +0 shield
rNeg     . . .     Faith    .   j - +1 plate armour
rPois    .         Spirit   .   e - +0 helmet
rElec    .         Reflect  .   (no cloak)
rCorr    .         Harm     .   (no gloves)
MR       .....                  (no boots)
Stlth    ..........             (no amulet)
HPRegen  0.20/turn              (no ring)
MPRegen  0.11/turn              (no ring)

@: berserk cooldown, very slightly contaminated, slowed, very slow
A: molten scales 1, powered by death 3
a: Berserk, Trog's Hand, Burn Spellbooks, Renounce Religion


You were on level 6 of the Dungeon.
You worshipped Trog.
Trog was most pleased with you.
You were not hungry.

You visited 1 branch of the dungeon, and saw 6 of its levels.

You collected 215 gold pieces.

Inventory:

Hand Weapons
 a - a +0 falchion (weapon)
 n - a +0 dagger
 I - a cursed -1 hunting sling
Missiles
 i - 54 bolts
 D - 8 tomahawks (quivered)
Armour
 d - a +0 leather armour
 e - a +0 helmet (worn)
 f - a +0 ring mail
 j - a +1 plate armour (worn)
 p - a +0 helmet
 s - a +3 leather armour of fire resistance
 M - a +0 shield (worn)
Wands
 g - a wand of flame (21)
 L - a wand of random effects (32)
Scrolls
 k - 2 scrolls of fog {unknown}
 l - a scroll of identify
 m - a scroll of random uselessness {unknown}
 t - a scroll of teleportation {unknown}
 u - a scroll of noise {unknown}
 x - a scroll of remove curse
 E - a scroll of magic mapping
 N - a scroll of brand weapon {unknown}
Potions
 b - a potion of brilliance {unknown}
 h - 2 potions of heal wounds {unknown}
 o - a potion of magic {unknown}
 q - a potion of berserk rage {unknown}
 r - 2 potions of flight {unknown}
 v - a potion of haste {unknown}
 z - a potion of ambrosia {unknown}
Comestibles
 c - 10 rations


   Skills:
 + Level 4.8 Fighting
 + Level 6.2 Long Blades
 * Level 5.3 Armour
 + Level 2.2 Dodging
 * Level 4.7 Shields


You had 7 spell levels left.
You didn't know any spells.

Dungeon Overview and Level Annotations

Branches:
Dungeon (6/15)
 Temple: D:4-7

Altars:
Cheibriados
Nemelex Xobeh
Okawaru

Annotations:
D:6 garbagetei's ghost, novice GnFE


Innate Abilities, Weirdness & Mutations

You are partially covered in molten scales. (AC +2)
You regenerate a lot of health from kills.


Message History

The flame tongue hits you!
* * * LOW HITPOINT WARNING * * *
You feel better. Garbagetei's ghost hits you.
* * * LOW HITPOINT WARNING * * *
Unknown command.
Blink to where?
Press: ? - help, Dir - move target cursor You are very lightly contaminated with residual magic.
As you read the scroll of blinking, it crumbles to dust.
Okay, then.
Garbagetei's ghost casts a spell at you.
The flame tongue hits you!
Drop what? 31/52 slots (_ for help) (? for menu, Esc to quit)
You drop a book of Misfortune.
Garbagetei's ghost gestures at you while chanting.
The flame tongue hits you!
* * * LOW HITPOINT WARNING * * *
Garbagetei's ghost gestures at you while chanting.
The flame tongue hits you!
You die...

########
#.c..5.#
#.####W#
#.(....$#.#
#.##..#.#@######
# #... #......#
...#######.##
##.# #.# .. #.#
.# #<# #.# #.#
#.#


You could see garbagetei's ghost and a crimson imp.

Vanquished Creatures
  The ghost of othur the Nimble, a novice MiFi (D:4)
  The ghost of Xelenos the Sneak, an amateur SpAs (D:3)
  3 ogres
  A centaur (D:5)
  2 scorpions (D:4)
  2 crimson imps
  2 hounds (D:4)
  2 orc priests (D:4)
  An orc wizard (D:5)
  Ijyb (D:5)
  An iguana (D:4)
  Natasha (thrice) (D:3)
  2 worker ants (D:4)
  A hound skeleton (D:4)
  10 adders
  An adder zombie (D:5)
  A worm (D:4)
  4 dart slugs
  A leopard gecko (D:2)
  9 orcs
  2 ball pythons
  6 giant cockroaches
  3 hobgoblins (D:3)
  2 jackals (D:3)
  5 kobolds
  2 quokkas
  6 bats
  3 frilled lizards
  7 goblins
  2 rats (D:1)
87 creatures vanquished.

Notes
Turn   | Place    | Note
-------+----------+-------------------------------------------
     0 | D:1      | Mirai the Demonspawn Berserker began the quest for the Orb.
     0 | D:1      | Reached XP level 1. HP: 18/18 MP: 1/1
   202 | D:1      | Gained mutation: You regenerate a little health from kills. [demonic ancestry]
   202 | D:1      | Reached XP level 2. HP: 23/24 MP: 2/2
   260 | D:1      | Reached skill level 3 in Long Blades
  1045 | D:2      | Reached XP level 3. HP: 29/29 MP: 3/3
  1115 | D:2      | Reached ** piety under Trog
  1239 | D:2      | Reached XP level 4. HP: 27/35 MP: 4/4
  1243 | D:2      | Reached skill level 1 in Shields
  1758 | D:3      | Found an iron altar of Okawaru.
  1833 | D:3      | Found a snail-covered altar of Cheibriados.
  1836 | D:3      | Found a sparkling altar of Nemelex Xobeh.
  1930 | D:3      | Noticed Xelenos's ghost (amateur SpAs)
  1988 | D:3      | Killed Xelenos's ghost
  1988 | D:3      | Gained mutation: You regenerate health from kills. [demonic ancestry]
  1988 | D:3      | Reached XP level 5. HP: 27/42 MP: 5/5
  2010 | D:3      | Noticed Natasha
  2051 | D:3      | Killed Natasha
  2484 | D:3      | Noticed Natasha
  2496 | D:3      | Killed Natasha
  2496 | D:3      | Reached skill level 4 in Long Blades
  2552 | D:3      | Noticed Natasha
  2568 | D:3      | Killed Natasha
  2568 | D:3      | Gained mutation: You are partially covered in molten scales. (AC +2) [demonic ancestry]
  2568 | D:3      | Reached XP level 6. HP: 45/48 MP: 6/6
  3256 | D:4      | Gained mutation: You regenerate a lot of health from kills. [demonic ancestry]
  3256 | D:4      | Reached XP level 7. HP: 54/54 MP: 7/7
  3341 | D:4      | Reached *** piety under Trog
  3341 | D:4      | Reached skill level 5 in Long Blades
  3448 | D:4      | Noticed othur's ghost (novice MiFi)
  3468 | D:4      | Killed othur's ghost
  3468 | D:4      | Reached XP level 8. HP: 61/61 MP: 8/8
  3806 | D:5      | Entered Level 5 of the Dungeon
  3954 | D:5      | Reached skill level 6 in Long Blades
  4052 | D:5      | Reached skill level 5 in Armour
  4418 | D:5      | Noticed Ijyb
  4445 | D:5      | Killed Ijyb
  5072 | D:6      | Noticed garbagetei's ghost (novice GnFE)
  5113 | D:6      | HP: 3/61 [garbagetei's ghost/flame tongue (3)]
  5114 | D:6      | Killed from afar by garbagetei's ghost

Skill      XL: |  1  2  3  4  5  6  7  8 |
---------------+-------------------------+-----
Long Blades    | 3 4 5 6 |  6.2
Dodging        | 2 |  2.2
Armour         | 2 3 4 5 |  5.3
Shields        | 2 3 4 |  4.7
Fighting       | 4 |  4.8

Action                   |  1- 3 |  4- 6 |  7- 9 || total
-------------------------+-------+-------+-------++-------
Melee: Falchion          |   110 |   278 |   176 ||   564
Invok: Berserk           |       |     3 |     5 ||     8
  Use: Scroll            |     4 |     2 |     2 ||     8
       Potion            |       |     2 |     1 ||     3
  Eat: Chunk             |     1 |     9 |     9 ||    19
       Ration            |       |       |     1 ||     1
Armor: Animal skin       |    13 |       |       ||    13
       Plate armour      |    80 |   204 |    67 ||   351
       Ring mail         |     4 |       |       ||     4
Dodge: Dodged            |    50 |    33 |    32 ||   115
Block: Shield            |    31 |   120 |    46 ||   197
       Rpst.: Falchion   |    13 |    13 |    10 ||    36
